2876 views
Uploaded 2019-12-07 14:13:13
Game version 1.32.0.3 / 1.32.0.3.1
17:30 long 3on3 ladder game on (6)Monsoon_LV
Saved by BEARAND
2876 views
Uploaded 2019-12-07 14:13:13
Game version 1.32.0.3 / 1.32.0.3.1
17:30 long 3on3 ladder game on (6)Monsoon_LV


67 units @ 6.2k
/ 0.2k
145 buildings @ 9.9k
/ 4.3k



| Scroll of Regeneration | 1 | 100 |
| Staff of Sanctuary | 3 | 750 |
| Staff of Teleportation | 2 | 300 |
| Boots of Speed | 2 | 500 |
| Periapt of Vitality | 1 | 325 |
| Circlet of Nobility | 1 | 175 |
| total: | 10 | 2150g |
| Peasant | 28 | 2100 | / | 0 |
| total: | 28 | 2100g | / | 0w |
| Scout Tower | 38 | 1140 | / | 760 |
| Arcane Tower | 5 | 350 | / | 250 |
| Guard Tower | 11 | 770 | / | 550 |
| Altar of Kings | 1 | 180 | / | 50 |
| Lumber Mill | 1 | 120 | / | 0 |
| Farm | 6 | 480 | / | 120 |
| Town Hall | 1 | 385 | / | 205 |
| Arcane Vault | 4 | 520 | / | 120 |
| Arcane Sanctum | 1 | 150 | / | 140 |
| Keep | 1 | 320 | / | 210 |
| Castle | 1 | 360 | / | 210 |
| total: | 52 | 2975g | / | 1395w |
| 0:01 | Peasant |
| 0:05 | Altar of Kings |
| 0:06 | Peasant |
| 0:19 | Lumber Mill |
| 0:20 | Peasant |
| 0:32 | Farm |
| 0:35 | Peasant |
| 0:56 | Peasant |
| 1:09 | Scout Tower |
| 1:10 | Peasant |
| 1:14 | Peasant |
| 1:24 | Peasant |
| 1:36 | Scout Tower |
| 1:39 | Arcane Tower |
| 1:53 | Farm |
| 1:55 | Peasant |
| 2:06 | Guard Tower |
| 2:08 | Scout Tower |
| 2:13 | Blizzard |
| 2:50 | Guard Tower |
| 2:52 | Scout Tower |
| 2:54 | Scout Tower |
| 2:59 | Peasant |
| 3:10 | Peasant |
| 3:24 | Guard Tower |
| 3:24 | Guard Tower |
| 3:59 | Peasant |
| 3:59 | Peasant |
| 4:04 | Brilliance Aura |
| 4:16 | Town Hall |
| 4:33 | Peasant |
| 4:33 | Peasant |
| 4:56 | Staff of Teleportation |
| 4:56 | Boots of Speed |
| 5:05 | Peasant |
| 5:05 | Peasant |
| 5:07 | Improved Masonry |
| 6:07 | Farm |
| 6:12 | Scout Tower |
| 6:53 | Keep |
| 6:56 | Peasant |
| 6:56 | Peasant |
| 7:05 | Scout Tower |
| 7:06 | Scout Tower |
| 7:15 | Guard Tower |
| 7:34 | Arcane Vault |
| 7:35 | Arcane Vault |
| 7:44 | Peasant |
| 7:44 | Peasant |
| 8:13 | Blizzard |
| 8:34 | Guard Tower |
| 8:36 | Scout Tower |
| 8:44 | Scout Tower |
| 8:45 | Scout Tower |
| 8:47 | Scout Tower |
| 8:54 | Scout Tower |
| 9:02 | Scroll of Regeneration |
| 9:15 | Scout Tower |
| 9:17 | Scout Tower |
| 9:19 | Scout Tower |
| 9:20 | Guard Tower |
| 9:24 | Scout Tower |
| 9:27 | Scout Tower |
| 9:32 | Farm |
| 9:34 | Farm |
| 9:39 | Scout Tower |
| 9:42 | Guard Tower |
| 9:45 | Peasant |
| 9:45 | Peasant |
| 9:48 | Peasant |
| 9:48 | Peasant |
| 9:56 | Peasant |
| 10:03 | Guard Tower |
| 10:20 | Farm |
| 10:51 | Guard Tower |
| 10:59 | Guard Tower |
| 11:26 | Castle |
| 12:21 | Peasant |
| 12:48 | Advanced Masonry |
| 12:48 | Improved Lumber Harvesting |
| 12:51 | Arcane Sanctum |
| 12:52 | Scout Tower |
| 12:53 | Scout Tower |
| 12:56 | Scout Tower |
| 12:57 | Scout Tower |
| 12:58 | Scout Tower |
| 12:58 | Scout Tower |
| 13:01 | Storm Bolt |
| 13:27 | Arcane Vault |
| 13:29 | Arcane Vault |
| 13:36 | Peasant |
| 13:38 | Brilliance Aura |
| 13:44 | Arcane Tower |
| 14:11 | Arcane Tower |
| 14:18 | Magic Sentry |
| 15:06 | Imbued Masonry |
| 15:06 | Advanced Lumber Harvesting |
| 15:18 | Scout Tower |
| 15:18 | Scout Tower |
| 15:19 | Scout Tower |
| 15:20 | Scout Tower |
| 15:21 | Scout Tower |
| 15:22 | Scout Tower |
| 15:22 | Scout Tower |
| 15:22 | Scout Tower |
| 15:44 | Scout Tower |
| 15:45 | Scout Tower |
| 15:46 | Scout Tower |
| 15:46 | Scout Tower |
| 16:23 | Arcane Tower |
| 16:24 | Staff of Sanctuary |
| 16:28 | Staff of Sanctuary |
| 16:31 | Staff of Sanctuary |
| 16:37 | Holy Light |
| 16:41 | Bash |
| 16:49 | Scout Tower |
| 17:01 | Staff of Teleportation |
| 17:01 | Boots of Speed |
| 17:02 | Periapt of Vitality |
| 17:02 | Circlet of Nobility |
| 17:25 | Arcane Tower |
| Right click | 867 |
| Select | 395 |
| Select group | 122 |
| Assign group | 119 |
| Build/train/purchase | 102 |
| Use ability | 25 |
| Resource trade | 15 |
| Minimap ping | 3 |
| Misc. action | 2 |
| Item give/drop | 1 |



x1)
| Staff of Sanctuary | 2 | 500 |
| Staff of Teleportation | 2 | 300 |
| Boots of Speed | 3 | 750 |
| Periapt of Vitality | 2 | 650 |
| Tome of Retraining | 1 | 300 |
| total: | 10 | 2500g |
| Peasant | 14 | 1050 | / | 0 |
| total: | 14 | 1050g | / | 0w |
| Scout Tower | 59 | 1770 | / | 1180 |
| Arcane Tower | 6 | 420 | / | 300 |
| Guard Tower | 32 | 2240 | / | 1600 |
| Altar of Kings | 1 | 180 | / | 50 |
| Farm | 4 | 320 | / | 80 |
| Lumber Mill | 1 | 120 | / | 0 |
| Arcane Vault | 4 | 520 | / | 120 |
| Town Hall | 1 | 385 | / | 205 |
| Blacksmith | 1 | 140 | / | 60 |
| Barracks | 1 | 160 | / | 60 |
| Arcane Sanctum | 1 | 150 | / | 140 |
| Gryphon Aviary | 1 | 140 | / | 150 |
| Keep | 1 | 320 | / | 210 |
| Castle | 2 | 720 | / | 420 |
| total: | 74 | 3885g | / | 2045w |
| 0:01 | Peasant |
| 0:01 | Peasant |
| 0:14 | Altar of Kings |
| 0:17 | Farm |
| 0:20 | Peasant |
| 0:26 | Peasant |
| 0:32 | Farm |
| 0:36 | Peasant |
| 0:48 | Lumber Mill |
| 1:00 | Peasant |
| 1:08 | Peasant |
| 1:13 | Peasant |
| 1:34 | Scout Tower |
| 1:38 | Peasant |
| 1:42 | Scout Tower |
| 1:43 | Scout Tower |
| 1:45 | Scout Tower |
| 1:46 | Peasant |
| 1:57 | Peasant |
| 2:05 | Arcane Tower |
| 2:07 | Scout Tower |
| 2:09 | Scout Tower |
| 2:10 | Peasant |
| 2:14 | Guard Tower |
| 2:16 | Summon Water Elemental |
| 2:36 | Peasant |
| 2:37 | Guard Tower |
| 2:38 | Scout Tower |
| 2:49 | Guard Tower |
| 2:52 | Peasant |
| 3:05 | Guard Tower |
| 3:29 | Scout Tower |
| 3:30 | Scout Tower |
| 3:30 | Scout Tower |
| 3:41 | Staff of Teleportation |
| 3:41 | Boots of Speed |
| 4:05 | Guard Tower |
| 4:07 | Keep |
| 4:23 | Guard Tower |
| 4:24 | Guard Tower |
| 4:27 | Scout Tower |
| 4:28 | Scout Tower |
| 4:38 | Brilliance Aura |
| 5:20 | Guard Tower |
| 5:20 | Scout Tower |
| 5:24 | Improved Masonry |
| 5:30 | Guard Tower |
| 5:32 | Scout Tower |
| 5:36 | Farm |
| 5:37 | Farm |
| 5:48 | Guard Tower |
| 5:53 | Scout Tower |
| 5:54 | Scout Tower |
| 5:55 | Scout Tower |
| 6:04 | Guard Tower |
| 6:05 | Scout Tower |
| 6:18 | Arcane Vault |
| 6:21 | Guard Tower |
| 7:28 | Storm Bolt |
| 8:26 | Guard Tower |
| 8:37 | Arcane Sanctum |
| 8:38 | Guard Tower |
| 8:40 | Castle |
| 8:44 | Bash |
| 8:48 | Scout Tower |
| 8:49 | Scout Tower |
| 8:49 | Scout Tower |
| 8:50 | Scout Tower |
| 8:50 | Scout Tower |
| 8:50 | Scout Tower |
| 8:51 | Scout Tower |
| 8:51 | Scout Tower |
| 8:52 | Scout Tower |
| 8:53 | Scout Tower |
| 8:54 | Scout Tower |
| 8:54 | Scout Tower |
| 9:00 | Arcane Vault |
| 9:01 | Arcane Vault |
| 9:20 | Advanced Masonry |
| 9:30 | Scout Tower |
| 9:31 | Scout Tower |
| 9:55 | Town Hall |
| 10:00 | Magic Sentry |
| 10:11 | Guard Tower |
| 10:43 | Guard Tower |
| 10:52 | Guard Tower |
| 10:58 | Scout Tower |
| 10:58 | Scout Tower |
| 10:59 | Guard Tower |
| 11:20 | Summon Water Elemental |
| 11:28 | Summon Water Elemental |
| 11:29 | Guard Tower |
| 11:36 | Scout Tower |
| 11:37 | Scout Tower |
| 11:37 | Scout Tower |
| 11:45 | Imbued Masonry |
| 11:57 | Holy Light |
| 12:07 | Periapt of Vitality |
| 12:08 | Boots of Speed |
| 12:15 | Guard Tower |
| 12:22 | Guard Tower |
| 12:30 | Staff of Sanctuary |
| 12:31 | Staff of Sanctuary |
| 12:44 | Scout Tower |
| 12:45 | Guard Tower |
| 13:12 | Guard Tower |
| 13:13 | Guard Tower |
| 13:14 | Guard Tower |
| 13:16 | Scout Tower |
| 13:17 | Scout Tower |
| 13:18 | Scout Tower |
| 13:19 | Scout Tower |
| 13:22 | Scout Tower |
| 13:23 | Scout Tower |
| 13:23 | Scout Tower |
| 13:26 | Scout Tower |
| 13:26 | Scout Tower |
| 13:27 | Scout Tower |
| 13:28 | Scout Tower |
| 13:28 | Scout Tower |
| 13:29 | Scout Tower |
| 13:38 | Guard Tower |
| 13:40 | Improved Lumber Harvesting |
| 13:41 | Gryphon Aviary |
| 13:42 | Blacksmith |
| 13:44 | Barracks |
| 13:53 | Staff of Teleportation |
| 13:56 | Boots of Speed |
| 13:56 | Periapt of Vitality |
| 14:38 | Guard Tower |
| 14:40 | Storm Bolt |
| 14:49 | Tome of Retraining |
| 14:49 | Retrain Hero |
| 14:51 | Blizzard |
| 14:51 | Brilliance Aura |
| 14:51 | Blizzard |
| 15:09 | Divine Shield |
| 15:31 | Guard Tower |
| 15:32 | Scout Tower |
| 15:33 | Scout Tower |
| 15:33 | Scout Tower |
| 15:34 | Scout Tower |
| 15:48 | Scout Tower |
| 15:48 | Scout Tower |
| 15:49 | Scout Tower |
| 15:50 | Scout Tower |
| 15:50 | Arcane Tower |
| 15:53 | Arcane Tower |
| 15:55 | Arcane Tower |
| 17:12 | Guard Tower |
| 17:17 | Arcane Vault |
| 17:20 | Arcane Tower |
| 17:20 | Guard Tower |
| Right click | 1393 |
| Select | 384 |
| Select group | 215 |
| Build/train/purchase | 206 |
| Chat | 98 |
| Misc. action | 48 |
| Use ability | 25 |
| Assign group | 15 |
| Item give/drop | 4 |
| Minimap ping | 4 |
| Esc | 1 |



| Rod of Necromancy | 1 | 150 |
| Potion of Mana | 1 | 200 |
| Orb of Corruption | 1 | 375 |
| Staff of Teleportation | 3 | 450 |
| Boots of Speed | 4 | 1000 |
| Potion of Invisibility | 1 | 100 |
| total: | 11 | 2275g |
| Acolyte | 9 | 675 | / | 0 |
| Ghoul | 10 | 1200 | / | 0 |
| Obsidian Statue | 6 | 1200 | / | 210 |
| total: | 25 | 3075g | / | 210w |
| Nerubian Tower | 3 | 300 | / | 60 |
| Spirit Tower | 7 | 1015 | / | 280 |
| Altar of Darkness | 1 | 180 | / | 50 |
| Ziggurat | 12 | 1800 | / | 600 |
| Crypt | 1 | 200 | / | 50 |
| Tomb of Relics | 2 | 260 | / | 60 |
| Graveyard | 1 | 215 | / | 0 |
| Necropolis | 1 | 225 | / | 0 |
| Slaughterhouse | 1 | 140 | / | 135 |
| Halls of the Dead | 1 | 320 | / | 210 |
| Black Citadel | 2 | 650 | / | 460 |
| total: | 19 | 3020g | / | 895w |
| 0:04 | Acolyte |
| 0:08 | Altar of Darkness |
| 0:11 | Ziggurat |
| 0:25 | Crypt |
| 0:58 | Tomb of Relics |
| 1:09 | Nerubian Tower |
| 1:25 | Ziggurat |
| 1:31 | Ghoul |
| 1:46 | Ghoul |
| 2:04 | Ghoul |
| 2:09 | Vampiric Aura |
| 2:10 | Rod of Necromancy |
| 2:22 | Ghoul |
| 2:38 | Ghoul |
| 3:12 | Ghoul |
| 3:16 | Graveyard |
| 3:27 | Sleep |
| 3:42 | Ghoul |
| 4:10 | Halls of the Dead |
| 5:26 | Ghoul |
| 5:26 | Ghoul |
| 5:28 | Spirit Tower |
| 6:02 | Ziggurat |
| 6:02 | Ziggurat |
| 7:11 | Staff of Teleportation |
| 7:11 | Boots of Speed |
| 7:13 | Boots of Speed |
| 7:38 | Acolyte |
| 7:45 | Slaughterhouse |
| 7:48 | Impale |
| 8:10 | Spirit Tower |
| 8:38 | Sleep |
| 8:51 | Acolyte |
| 8:51 | Acolyte |
| 8:51 | Acolyte |
| 9:28 | Acolyte |
| 9:29 | Acolyte |
| 9:30 | Acolyte |
| 9:43 | Obsidian Statue |
| 9:47 | Spiked Carapace |
| 10:18 | Acolyte |
| 10:20 | Obsidian Statue |
| 11:09 | Black Citadel |
| 11:27 | Staff of Teleportation |
| 11:27 | Boots of Speed |
| 12:17 | Ziggurat |
| 12:18 | Ziggurat |
| 12:19 | Ziggurat |
| 12:22 | Ziggurat |
| 12:22 | Ziggurat |
| 12:23 | Ziggurat |
| 12:26 | Ziggurat |
| 12:27 | Ziggurat |
| 12:47 | Tomb of Relics |
| 13:11 | Spirit Tower |
| 13:12 | Spirit Tower |
| 13:16 | Spirit Tower |
| 13:17 | Nerubian Tower |
| 13:19 | Spirit Tower |
| 13:20 | Spirit Tower |
| 13:21 | Nerubian Tower |
| 13:43 | Ghoul |
| 14:02 | Obsidian Statue |
| 14:02 | Obsidian Statue |
| 14:42 | Impale |
| 14:58 | Death Coil |
| 15:32 | Staff of Teleportation |
| 15:32 | Boots of Speed |
| 15:32 | Potion of Invisibility |
| 16:28 | Necropolis |
| 16:46 | Vampiric Aura |
| 17:09 | Obsidian Statue |
| 17:09 | Obsidian Statue |
| 17:24 | Potion of Mana |
| 17:26 | Orb of Corruption |
| Right click | 1239 |
| Select group | 878 |
| Select | 190 |
| Build/train/purchase | 84 |
| Misc. action | 60 |
| Use ability | 40 |
| Resource trade | 35 |
| Assign group | 17 |
| Minimap ping | 9 |
| Item give/drop | 6 |
| Chat | 4 |
| Esc | 2 |
66 units @ 9.7k
/ 0.9k
43 buildings @ 6.3k
/ 2.4k

| Peon | 2 | 150 | / | 0 |
| Grunt | 7 | 1400 | / | 0 |
| Troll Headhunter | 5 | 700 | / | 100 |
| Gnoll Brute | 1 | 215 | / | 20 |
| Mud Golem | 1 | 145 | / | 10 |
| Ogre Magi | 1 | 320 | / | 50 |
| total: | 17 | 2930g | / | 180w |
| Altar of Storms | 1 | 180 | / | 50 |
| War Mill | 1 | 205 | / | 0 |
| Orc Burrow | 4 | 640 | / | 160 |
| Barracks | 1 | 180 | / | 50 |
| Stronghold | 1 | 315 | / | 190 |
| Fortress | 1 | 325 | / | 190 |
| total: | 7 | 1205g | / | 260w |
| 0:19 | Altar of Storms |
| 0:24 | Peon |
| 0:24 | Peon |
| 0:31 | War Mill |
| 1:32 | Orc Burrow |
| 1:33 | Orc Burrow |
| 1:48 | Barracks |
| 3:01 | Grunt |
| 3:02 | Grunt |
| 3:49 | Orc Burrow |
| 3:50 | Orc Burrow |
| 4:13 | Chain Lighting |
| 5:37 | Grunt |
| 5:38 | Troll Headhunter |
| 5:41 | Grunt |
| 5:51 | Spiked Barricades |
| 5:54 | Pillage |
| 6:52 | Troll Headhunter |
| 7:09 | Grunt |
| 7:14 | Troll Headhunter |
| 8:17 | Stronghold |
| 8:45 | Far Sight |
| 9:00 | Gnoll Brute |
| 9:02 | Mud Golem |
| 9:17 | Steel Melee Weapons |
| 9:39 | Steel Armor |
| 10:35 | Feral Spirit |
| 11:28 | Steel Ranged Weapons |
| 11:32 | Fortress |
| 11:34 | Berserker Strength |
| 11:36 | Troll Regeneration |
| 11:58 | Ogre Magi |
| 13:30 | Grunt |
| 13:30 | Grunt |
| 13:33 | Troll Headhunter |
| 13:49 | Troll Headhunter |
| 14:01 | Improved Spiked Barricades |
| Right click | 114 |
| Select | 64 |
| Build/train/purchase | 32 |
| Use ability | 9 |



| Healing Salve | 3 | 300 |
| Scroll of Town Portal | 1 | 350 |
| total: | 4 | 650g |
| Peon | 8 | 600 | / | 0 |
| Grunt | 4 | 800 | / | 0 |
| Raider | 2 | 360 | / | 80 |
| Kodo Beast | 2 | 510 | / | 120 |
| total: | 16 | 2270g | / | 200w |
| Altar of Storms | 1 | 180 | / | 50 |
| Barracks | 1 | 180 | / | 50 |
| Orc Burrow | 5 | 800 | / | 200 |
| Voodoo Lounge | 1 | 130 | / | 30 |
| Great Hall | 2 | 770 | / | 370 |
| War Mill | 1 | 205 | / | 0 |
| Beastiary | 1 | 145 | / | 140 |
| Tauren Totem | 1 | 135 | / | 155 |
| Stronghold | 1 | 315 | / | 190 |
| Fortress | 2 | 650 | / | 380 |
| total: | 13 | 2545g | / | 995w |
| 0:03 | Altar of Storms |
| 0:05 | Peon |
| 0:09 | Barracks |
| 0:18 | Orc Burrow |
| 1:14 | Grunt |
| 1:16 | Peon |
| 1:28 | Grunt |
| 1:47 | Orc Burrow |
| 2:10 | Wind Walk |
| 2:14 | Peon |
| 2:14 | Peon |
| 2:33 | Voodoo Lounge |
| 3:23 | Grunt |
| 3:25 | Grunt |
| 3:37 | Critical Strike |
| 3:47 | Stronghold |
| 3:55 | Healing Salve |
| 4:13 | Orc Burrow |
| 5:22 | Great Hall |
| 5:37 | Healing Salve |
| 6:51 | Beastiary |
| 6:55 | Orc Burrow |
| 7:38 | Wind Walk |
| 7:54 | Scroll of Town Portal |
| 7:58 | Raider |
| 8:01 | Fortress |
| 8:38 | War Stomp |
| 8:49 | Ensnare |
| 8:51 | Raider |
| 9:24 | War Mill |
| 10:11 | Tauren Totem |
| 10:57 | Kodo Beast |
| 11:03 | Orc Burrow |
| 11:06 | Peon |
| 11:27 | Healing Salve |
| 11:45 | Peon |
| 12:38 | Berserker Strength |
| 12:40 | War Drums Damage Increase |
| 13:09 | Endurance Aura |
| 13:24 | Kodo Beast |
| 13:31 | Peon |
| 14:32 | Great Hall |
| 14:36 | Peon |
| 16:43 | Healing Wave |
| Right click | 561 |
| Select | 174 |
| Build/train/purchase | 44 |
| Select group | 37 |
| Chat | 12 |
| Use ability | 9 |
| Assign group | 8 |
| Misc. action | 5 |
| Item give/drop | 2 |


| Scroll of Regeneration | 2 | 200 |
| total: | 2 | 200g |
| Peasant | 18 | 1350 | / | 0 |
| Footman | 7 | 945 | / | 0 |
| Knight | 1 | 245 | / | 60 |
| Gryphon Rider | 7 | 1960 | / | 490 |
| total: | 33 | 4500g | / | 550w |
| Scout Tower | 3 | 90 | / | 60 |
| Arcane Tower | 1 | 70 | / | 50 |
| Guard Tower | 2 | 140 | / | 100 |
| Altar of Kings | 1 | 180 | / | 50 |
| Barracks | 2 | 320 | / | 120 |
| Farm | 10 | 800 | / | 200 |
| Town Hall | 1 | 385 | / | 205 |
| Arcane Vault | 1 | 130 | / | 30 |
| Lumber Mill | 1 | 120 | / | 0 |
| Blacksmith | 1 | 140 | / | 60 |
| Gryphon Aviary | 3 | 420 | / | 450 |
| Keep | 4 | 1280 | / | 840 |
| Castle | 2 | 720 | / | 420 |
| total: | 23 | 2585g | / | 1175w |
| 0:37 | Peasant |
| 0:41 | Altar of Kings |
| 0:45 | Peasant |
| 0:45 | Peasant |
| 0:53 | Barracks |
| 0:58 | Peasant |
| 1:09 | Farm |
| 1:19 | Peasant |
| 1:24 | Farm |
| 1:28 | Peasant |
| 1:29 | Peasant |
| 1:40 | Peasant |
| 1:41 | Peasant |
| 1:43 | Peasant |
| 1:57 | Footman |
| 2:09 | Peasant |
| 2:17 | Footman |
| 2:33 | Farm |
| 2:39 | Footman |
| 2:46 | Summon Water Elemental |
| 2:46 | Summon Water Elemental |
| 3:11 | Footman |
| 3:50 | Brilliance Aura |
| 4:02 | Town Hall |
| 4:09 | Scout Tower |
| 4:12 | Scout Tower |
| 4:15 | Scout Tower |
| 4:20 | Footman |
| 4:22 | Peasant |
| 4:22 | Peasant |
| 4:23 | Peasant |
| 4:29 | Arcane Vault |
| 4:43 | Arcane Tower |
| 4:55 | Lumber Mill |
| 5:13 | Blacksmith |
| 5:18 | Peasant |
| 5:33 | Peasant |
| 5:50 | Scroll of Regeneration |
| 6:01 | Guard Tower |
| 6:02 | Guard Tower |
| 6:31 | Footman |
| 6:32 | Footman |
| 6:55 | Keep |
| 7:14 | Defend |
| 7:42 | Iron Plating |
| 7:42 | Steel Plating |
| 7:45 | Barracks |
| 7:47 | Peasant |
| 7:47 | Peasant |
| 8:29 | Summon Water Elemental |
| 9:01 | Scroll of Regeneration |
| 9:15 | Castle |
| 9:20 | Iron Forged Swords |
| 9:20 | Steel Forged Swords |
| 9:38 | Gryphon Aviary |
| 9:45 | Gryphon Aviary |
| 9:47 | Improved Lumber Harvesting |
| 9:47 | Advanced Lumber Harvesting |
| 10:49 | Gryphon Aviary |
| 10:55 | Studded Leather Armor |
| 11:10 | Storm Bolt |
| 11:38 | Animal War Training |
| 11:42 | Knight |
| 11:45 | Gryphon Rider |
| 11:47 | Farm |
| 11:48 | Farm |
| 11:50 | Farm |
| 11:50 | Farm |
| 12:14 | Gryphon Rider |
| 12:18 | Gryphon Rider |
| 12:42 | Farm |
| 12:43 | Farm |
| 12:44 | Farm |
| 13:18 | Storm Hammers |
| 13:28 | Gryphon Rider |
| 13:49 | Gryphon Rider |
| 14:13 | Gryphon Rider |
| 14:50 | Gryphon Rider |
| Select group | 291 |
| Right click | 227 |
| Select | 191 |
| Misc. action | 106 |
| Build/train/purchase | 87 |
| Chat | 58 |
| Assign group | 23 |
| Item give/drop | 2 |
| Esc | 1 |
⇛